 Dungeon Crawl Stone Soup version 0.30-a0-341-g682706514a (webtiles) character file.

Game seed: 5692940378177830988

635680 Bnni the Victor of a Thousand Battles (level 27, -9/212 (242) HPs)
             Began as a Formicid Fighter on Nov 1, 2022.
             Was the Champion of Okawaru.
             Mangled by a nargun (10 damage)
             ... on level 2 of Cocytus on Nov 2, 2022.
             The game lasted 03:38:44 (61549 turns).

Bnni the Victor of a Thousand Battles (FoFi)       Turns: 61549, Time: 03:38:45

HP:   -9/212 (242)  AC: 45    Str: 28 (31) XL:     27
MP:   0/49          EV: 25    Int:  9      God:    Okawaru [******]
Gold: 2240          SH: 39    Dex: 18      Spells: 26/26 levels left

rFire   + + .      SeeInvis +    e - +9 executioner's axe (flame)
rCold   + + +      Faith    .    D - +10 tower shield of Ignorance {rN+ Int-4}
rNeg    + + .      Spirit   +    w - +15 Maxwell's patent armour {-Cast -Tele rElec Will+ rCorr}
rPois   +          Reflect  .    (helmet unavailable)
rElec   +          Harm     .    y - scarf {rC+ rF+}
rCorr   +          Rampage  .    G - +1 pair of gloves "Bimuux" {*Slow rN+ MP+9}
Will    ++++.      NoCast   +    S - +0 pair of boots of Pocsi {rElec rPois Int+2 Stlth-}
Stlth   ..........               W - amulet "Hieshreits" {Spirit -Tele rC+ Regen+}
HPRegen 1.35/turn                X - ring "Mepnutt" {Contam rC+ rCorr AC+4 Stlth+}
MPRegen 0.31/turn                h - ring of the Hare {EV+8}

@: heroic, finesse-ful, studying 2 skills, heavily drained, unable to read,
unable to drink, very slow
A: permanent stasis, dig shafts and tunnels, antennae 3, four strong arms, large
bone plates 1, agile 1, fire resistance 1, strong-willed 1, strong 1, inability
to read after injury 1
}: 5/15 runes: barnacled, slimy, silver, abyssal, gossamer
a: Dig, Shaft Self, Renounce Religion, Heroism, Finesse, Duel


You were on level 2 of Cocytus.
You worshipped Okawaru.
Okawaru was exalted by your worship.
You visited 13 branches of the dungeon, and saw 54 of its levels.
You visited the Abyss 3 times.
You visited 1 bazaar.
You also visited: Sewer, Ossuary, Ice Cave, Wizlab and Desolation.

You collected 7273 gold pieces.
You spent 5033 gold pieces at shops.

Inventory:

Hand Weapons
 a - the +7 executioner's axe of Guoc {elec, rF+ rC- Will+ SInv}
   (Okawaru gifted it to you on level 4 of the Spider Nest)

   It occasionally discharges a powerful burst of electricity upon striking a
   foe.
   rF:        It protects you from fire.
   rC:        It makes you vulnerable to cold.
   SInv:      It lets you see invisible.
   Will:      It increases your willpower.
 e - a +9 executioner's axe of flaming (weapon)
 f - the +7 great mace "Firestarter" {inner flame, rF++}
   (You bought it in a shop on level 1 of the Depths)

   It burns those it strikes, dealing additional fire damage.
   It fills those it strikes with an explosive inner flame.
   It grants immunity to clouds of flame.
   rF:        It greatly protects you from fire.
 q - the +12 glaive of Prune {vorpal}
   (You took it off a deep elf death mage on level 3 of the Elven Halls)

   It inflicts extra damage upon your enemies.
   It halves damage taken while paralysed, petrified or unconscious.
Missiles
 m - 5 silver boomerangs
 t - 31 javelins
 C - 24 boomerangs (quivered)
 K - 22 silver javelins
 L - 21 atropa-tipped darts
 U - 2 curare-tipped darts
 V - 7 throwing nets
Armour
 w - the +15 Maxwell's patent armour (worn) {-Cast -Tele rElec Will+ rCorr}
   (Okawaru gifted it to you on level 1 of the Vaults)

   rElec:     It insulates you from electricity.
   -Cast:     It prevents spellcasting.
   -Tele:     It prevents most forms of teleportation.
   rCorr:     It protects you from acid and corrosion.
   Will:      It increases your willpower.
 y - a scarf of resistance (worn)
 D - the +10 tower shield of Ignorance (worn) {rN+ Int-4}
   (You acquired it on level 2 of the Depths)

   Int:       It affects your intelligence (-4).
   rN:        It protects you from negative energy.
 G - the +1 pair of gloves "Bimuux" (worn) {*Slow rN+ MP+9}
   (You bought it in a shop on level 2 of the Orcish Mines)

   rN:        It protects you from negative energy.
   MP:        It affects your magic capacity (+9).
   *Slow:     It may slow you when you take damage.
 S - the +0 pair of boots of Pocsi (worn) {rElec rPois Int+2 Stlth-}
   (Okawaru gifted it to you on level 3 of the Abyss)

   Int:       It affects your intelligence (+2).
   rElec:     It insulates you from electricity.
   rPois:     It protects you from poison.
   Stlth:     It makes you less stealthy.
Jewellery
 h - the ring of the Hare (right hand) {EV+8}
   (You took it off an ironbound preserver on level 5 of the Vaults)

   [ring of evasion]

   EV:        It affects your evasion (+8).
 s - the ring of the Tortoise {AC+8}
   (You found it on level 5 of the Lair of Beasts)

   [ring of protection]

   AC:        It affects your AC (+8).
 v - the ring "Xeap" {Fly rC++}
   (You found it on level 3 of the Crypt)

   [ring of flight]

   rC:        It greatly protects you from cold.
   Fly:       It grants you flight.
 H - the ring "Winlorch" {Fly rCorr Int+4}
   (You found it in the Desolation of Salt)

   [ring of flight]

   Int:       It affects your intelligence (+4).
   Fly:       It grants you flight.
   rCorr:     It protects you from acid and corrosion.
 M - the ring of Zin's Condemnation {rN+ Str+6 Stlth+}
   (You bought it in a shop on level 1 of the Vaults)

   [ring of strength]

   Str:       It affects your strength (+6).
   rN:        It protects you from negative energy.
   Stlth:     It makes you more stealthy.
 O - a ring of fire
 Q - a ring of protection from cold
 W - the amulet "Hieshreits" (around neck) {Spirit -Tele rC+ Regen+}
   (You found it on level 11 of the Dungeon)

   [amulet of guardian spirit]

   It causes incoming damage to be divided between your reserves of health and
   magic.
   rC:        It protects you from cold.
   -Tele:     It prevents most forms of teleportation.
   Regen:     It increases your rate of health regeneration.
 X - the ring "Mepnutt" (left hand) {Contam rC+ rCorr AC+4 Stlth+}
   (You found it on level 3 of the Depths)

   [ring of protection]

   AC:        It affects your AC (+4).
   rC:        It protects you from cold.
   Contam:    It causes magical contamination when unequipped.
   rCorr:     It protects you from acid and corrosion.
   Stlth:     It makes you more stealthy.
Wands
 R - a wand of paralysis (45)
 Y - a wand of polymorph (26)
 Z - a wand of digging (4)
Scrolls
 c - 4 scrolls of silence
 g - 10 scrolls of magic mapping
 j - 7 scrolls of fear
 u - a scroll of brand weapon
 x - 4 scrolls of enchant weapon
 B - 5 scrolls of fog
 E - 3 scrolls of enchant armour
Potions
 d - 11 potions of might
 l - 7 potions of ambrosia
 o - 9 potions of cancellation
 p - 10 potions of heal wounds
 r - 5 potions of resistance
 z - 6 potions of magic
 A - 8 potions of curing
 F - 6 potions of mutation
 I - 4 potions of invisibility
 J - 13 potions of attraction
 N - 8 potions of lignification
Miscellaneous
 b - a lightning rod (4/4)


   Skills:
 + Level 25.3(27) Fighting
 - Level 24.0(27) Axes
 * Level 17.6(22.6) Throwing
 - Level 20.0(25.0) Armour
 + Level 10.2(15.2) Dodging
 - Level 20.0(25.0) Shields
 O Level 27 Invocations


You had 26 spell levels left.
You didn't know any spells.
Your spell library contained the following spells:

 Spells                   Type           Power      Damage    Failure   Level
 Apportation              Tloc           0%         N/A       83%         1
 Foxfire                  Conj/Fire      0%         2x1d4     83%         1
 Freeze                   Ice            0%         1d3       83%         1
 Kiss of Death            Conj/Necr      0%         2d5       83%         1
 Magic Dart               Conj           0%         1d3       83%         1
 Necrotise                Necr           0%         1d4       83%         1
 Shock                    Conj/Air       0%         1d3       83%         1
 Slow                     Hex            0%         N/A       83%         1
 Cigotuvi's Dreadful Rot  Necr/Pois/Air  0%         N/A       93%         2
 Momentum Strike          Conj/Tloc      0%         3d8       93%         2
 Passwall                 Tmut/Erth      0%         N/A       93%         2
 Poisonous Vapours        Pois/Air       0%         N/A       93%         2
 Searing Ray              Conj           0%         2d4       93%         2
 Confusing Touch          Hex            0%         N/A       99%         3
 Frozen Ramparts          Ice            0%         1d1       99%         3
 Gell's Gravitas          Tloc           0%         N/A       99%         3
 Hailstorm                Conj/Ice       0%         3d3       99%         3
 Ignite Poison            Fire/Tmut/Pois 0%         N/A       99%         3
 Inner Flame              Hex/Fire       0%         N/A       99%         3
 Kindle Blastsparks       Fire/Tloc/Air  0%         2d10      99%         3
 Lesser Beckoning         Tloc           0%         N/A       99%         3
 Mephitic Cloud           Conj/Pois/Air  0%         N/A       99%         3
 Ozocubu's Armour         Ice            0%         N/A       99%         3
 Portal Projectile        Hex/Tloc       0%         N/A       99%         3
 Teleport Other           Tloc           0%         N/A       99%         3
 Vampiric Draining        Necr           0%         2d6       99%         3
 Airstrike                Air            0%         2d(0-16)  100%        4
 Dispel Undead            Necr           0%         3d6       100%        4
 Flame Wave               Conj/Fire      0%         2d4       100%        4
 Fulminant Prism          Conj/Hex       0%         3d5       100%        4
 Ice Form                 Ice/Tmut       0%         N/A       100%        4
 Iskenderun's Mystic Bla  Conj/Tloc      0%         2d3       100%        4
 Leda's Liquefaction      Hex/Erth       0%         N/A       100%        4
 Manifold Assault         Tloc           0%         N/A       100%        4
 Passage of Golubria      Tloc           0%         N/A       100%        4
 Petrify                  Tmut/Erth      0%         N/A       100%        4
 Sticky Flame             Conj/Fire      0%         2d3       100%        4
 Agony                    Necr           0%         N/A       100%        5
 Alistair's Intoxication  Tmut/Pois      0%         N/A       100%        5
 Arcjolt                  Conj/Air       0%         1d10      100%        5
 Blade Hands              Tmut           0%         N/A       100%        5
 Borgnjor's Vile Clutch   Necr/Erth      0%         N/A       100%        5
 Fireball                 Conj/Fire      0%         3d3       100%        5
 Freezing Cloud           Conj/Ice/Air   0%         6-21      100%        5
 Irradiate                Conj/Tmut      0%         3d11      100%        5
 Iskenderun's Battlesphe  Conj           0%         2d6       100%        5
 Lee's Rapid Deconstruct  Erth           0%         3d4*      100%        5
 Lightning Bolt           Conj/Air       0%         1d11      100%        5
 Metabolic Englaciation   Hex/Ice        0%         N/A       100%        5
 Yara's Violent Unravell  Hex/Tmut       0%         3d3       100%        5
 Dispersal                Tloc           0%         N/A       100%        6
 Iron Shot                Conj/Erth      0%         9d1       100%        6
 Starburst                Conj/Fire      0%         6d3       100%        6
 Statue Form              Tmut/Erth      0%         N/A       100%        6
 Dragon Form              Tmut           0%         N/A       100%        7
 Enfeeble                 Hex            0%         N/A       100%        7
 Ozocubu's Refrigeration  Ice            0%         4d7       100%        7
 Storm Form               Tmut/Air       0%         N/A       100%        7
 Borgnjor's Revivificati  Necr           0%         N/A       100%        8
 Lehudib's Crystal Spear  Conj/Erth      0%         10d2      100%        8
 Necromutation            Tmut/Necr      0%         N/A       100%        8
 Death's Door             Necr           0%         N/A       100%        9
 Fire Storm               Conj/Fire      0%         5d1       100%        9
 Blink                    Tloc           Unusable   N/A       N/A         2
 Call Canine Familiar     Summ           Unusable   N/A       N/A         3
 Swiftness                Air            Unusable   N/A       N/A         3
 Tukima's Dance           Hex            Unusable   N/A       N/A         3
 Animate Armour           Summ/Erth      Unusable   N/A       N/A         4
 Animate Dead             Necr           Unusable   N/A       N/A         4
 Death Channel            Necr           Unusable   N/A       N/A         6
 Simulacrum               Ice/Necr       Unusable   N/A       N/A         6
 Spellforged Servitor     Conj/Summ      Unusable   N/A       N/A         7

Dungeon Overview and Level Annotations

Branches:
Dungeon (15/15)            Temple (1/1) D:7            Lair (5/5) D:9
 Shoals (4/4) Lair:3       Spider (4/4) Lair:2        Slime (5/5) Lair:4
    Orc (2/2) D:10            Elf (3/3) Orc:2        Vaults (5/5) D:13
  Crypt (3/3) Vaults:2       Tomb (0/3) Crypt:3      Depths (4/4) D:15
   Hell (visited)             Dis (0/7) Hell            Geh (0/7) Hell
    Coc (1/7) Hell            Tar (0/7) Hell            Zot (0/5) Depths:4
  Sewer (visited)         Ossuary (visited)           IceCv (visited)
 WizLab (visited)         Desolation (visited)

Altars:
Ashenzari
Cheibriados
Dithmenos
Elyvilon
Fedhas
Gozag
Hepliaklqana
Kikubaaqudgha
Makhleb
Nemelex Xobeh
Okawaru
Qazlal
Ru
Sif Muna
Trog
Uskayaw
Vehumet
Wu Jian
Xom
Yredelemnul
Zin
The Shining One
Jiyva
Lugonu

Shops:
Orc:2 [*=[   Elf:2 *   Shoals:1 (   Vaults:1 =   Vaults:5 (   Depths:1 *
Depths:4 =::

Portals:
Hell: Depths:1 Depths:2 Depths:3 Depths:4
Abyss: Lair:5 Depths:1 Depths:3
Pandemonium: Depths:1 Depths:2
Ziggurat: Depths:1


Innate Abilities, Weirdness & Mutations

You cannot be hasted, slowed, berserked, paralysed or teleported.
You can dig through walls and to a lower floor.
You have a pair of large antennae on your head. (SInv)
Your four strong arms can wield two-handed weapons with a shield.
You are partially covered in large bone plates. (SH +4)
You are agile. (Dex +4, Str/Int -1)
Your flesh is heat resistant. (rF+)
You are strong-willed. (Will+)
Your muscles are strong. (Str +4, Int/Dex -1)
You occasionally lose the ability to read scrolls when taking damage.


Message History

You burn the shard shrike!
You kill the shard shrike!
Okawaru accepts your kill.
You barely miss the nagaraja simulacrum.
Your unstable footing causes you to fumble your attack.
You block the nargun's attack. The nargun barely misses you.
Unknown command.
Your unstable footing causes you to fumble your attack.
Unknown command.
Your unstable footing causes you to fumble your attack.
Unknown command.
Your unstable footing causes you to fumble your attack.
You block the nagaraja simulacrum's attack. x2
The nargun completely misses you.
The nargun bites you but does no damage.
Unknown command.
You completely miss the nargun.
The nargun is moderately damaged.
You closely miss the water elemental.
You barely miss the nagaraja simulacrum.
Unknown command.
You completely miss the nargun.
The nargun is moderately damaged.
You slash the nagaraja simulacrum!
You melt the nagaraja simulacrum!
You hit the water elemental. You burn the water elemental.
You block the water elemental's attack.
Unknown command.
Your unstable footing causes you to fumble your attack.
You block the nagaraja simulacrum's attack. x2
The nargun hits you.
* * * LOW HITPOINT WARNING * * *
The nargun bites you but does no damage.
Unknown command.
The water elemental attacks as you move away!
You block the water elemental's attack. x2
The nargun attacks as you move away! You block the nargun's attack.
The nargun bites you!
* * * LOW HITPOINT WARNING * * *
The nargun freezes you! You resist.
You die...

...~~.....≈≈≈≈
≈..~~~~~~~≈≈≈
≈≈≈≈≈≈~~~~~~
.≈≈≈ ≈≈≈≈≈≈≈≈...
.~~. ≈≈..≈≈.~~~
..~~. ≈...≈≈~E~
..~~. #..≈~~##
...~..
#.≈EZ9##..~~..
#..≈E@~...≈≈..
#..≈E≈∩...≈≈..
#..≈≈≈~~.≈≈≈≈≈
#.≈≈.~~≈≈≈≈≈≈≈
#..~~....≈≈≈≈≈≈
#..≈≈......≈≈≈.
..(#≈.......≈≈..
...#≈.......≈≈..
≈≈.......≈≈..


You could see an elemental wellspring, a nargun, 3 water elementals and a
nagaraja simulacrum.

Vanquished Creatures
  the Royal Jelly (Slime:5)
  An ancient lich (Crypt:3)
  2 dread liches
  5 juggernauts
  The ghost of Nelo the Warrior, a veteran GrFi of the Shining One (Crypt:3)
  Boris (Crypt:1)
  2 shard shrikes (Coc:2)
  Bai Suzhen (Vaults:2)
  Margery (Depths:3)
  7 caustic shrikes (Depths:3)
  Geryon (Hell)
  Jory (Crypt:1)
  7 golden dragons
  A profane servitor (Abyss:3)
  4 bone dragons
  Arachne (Spider:4)
  A Tzitzimitl (Crypt:1)
  2 doom hounds (Crypt:1)
  Rupert (Orc:2)
  An Ice Fiend (Arena)
  12 liches
  Mlioglotl (Shoals:2)
  Grunn (Crypt:1)
  A tentacled monstrosity (Depths:3)
  4 titans
  A quicksilver dragon (Vaults:5)
  A deep elf master archer (Elf:3)
  A deep elf blademaster (Elf:2)
  18 acid blobs
  An Executioner (Abyss:3)
  7 ancient champions
  3 tentacled starspawn (Abyss:3)
  7 sphinxes
  A draconian monk (Depths:4)
  8 shadow dragons
  2 tengu reavers
  5 storm dragons
  2 revenants
  9 rockslimes
  4 azure jellies
  Donald (Vaults:2)
  The ghost of Pogint the Warrior, an adept OpAE of Ru (Spider:2)
  10 fire giants
  7 deep elf sorcerers (Elf:3)
  Louise (Spider:4)
  A draconian knight (WizLab)
  4 narguns
  3 emperor scorpions
  5 iron dragons
  A draconian scorcher (WizLab)
  2 frost giants
  21 vault wardens
  3 deep elf elementalists (Elf:3)
  An imperial myrmidon (Desolation)
  9 ghouls
  A curse skull (Crypt:3)
  6 ghost moths
  A juggernaut zombie (Crypt:2)
  2 orc warlords
  A draconian stormcaller (Depths:4)
  15 ironbound preservers
  3 spriggan defenders
  A broodmother (shapeshifter) (D:11)
  4 broodmothers
  10 ironbound thunderhulks
  11 quicksilver oozes
  7 reapers
  14 stone giants
  2 war gargoyles (Vaults:5)
  27 very ugly things
  Azrael (D:13)
  7 deep elf annihilators
  2 green draconians (Depths:4)
  3 elemental wellsprings
  9 vampire knights
  7 deep elf demonologists
  3 putrid mouths (Crypt:1)
  A black draconian (Depths:4)
  7 purple draconians (WizLab)
  2 wendigos
  2 yellow draconians (Depths:4)
  5 spark wasps
  3 halazid warlocks (Desolation)
  10 dire elephants
  8 eidola
  A white draconian (Depths:4)
  13 ettins
  3 iron golems
  A blizzard demon (Depths:1)
  A quicksilver dragon zombie (Crypt:1)
  An ettin (shapeshifter) (Vaults:5)
  2 crystal guardians (Desolation)
  5 merfolk javelineers
  13 yaktaur captains
  6 deep elf death magi
  9 statues (WizLab)
  Snorg (Orc:2)
  Josephine (Spider:1)
  10 deep elf high priests
  A green death (Depths:1)
  10 entropy weavers
  2 jiangshi (Crypt:2)
  9 fire dragons
  10 merfolk impalers
  10 great orbs of eyes
  9 ragged hierophants (Desolation)
  10 hydras
  Harold (Lair:1)
  7 servants of whispers (Desolation)
  32 vault guards
  10 ice dragons
  Erolcha (Orc:2)
  3 rakshasas
  A spriggan air mage (Depths:4)
  A radroach (shapeshifter) (D:11)
  5 peacekeepers (Desolation)
  7 ogre magi
  4 jorogumos
  2 hell beasts (Hell)
  A catoblepas (Lair:2)
  3 merfolk avatars
  2 radroaches
  9 ironbound frosthearts
  12 two-headed ogres
  11 centaur warriors
  33 dancing weapons
  16 deep troll shamans
  5 merfolk aquamancers
  3 death knights
  11 deep troll earth magi
  10 boulder beetles
  3 satyrs
  5 hell hogs
  4 death yaks (Lair:3)
  3 tengu warriors
  4 vampire magi
  A death scarab (Spider:2)
  7 thrashing horrors
  A titan zombie (Hell)
  2 orc high priests
  7 soul eaters
  A shock serpent (shapeshifter) (Vaults:5)
  7 spriggan berserkers
  17 large abominations
  16 deep elf knights
  6 hell knights
  3 wretched stars (Abyss:3)
  8 sun demons
  A shadow wraith (Crypt:3)
  13 iron trolls
  2 sixfirhies
  11 skeletal warriors
  A storm dragon skeleton (Hell)
  9 pharaoh ants
  A sun moth (Spider:4)
  3 orb spiders
  A swamp dragon (Abyss:3)
  A quicksilver dragon simulacrum (Hell)
  8 steelbarb worms
  12 sea snakes
  A shadow dragon zombie (Vaults:4)
  5 flayed ghosts
  5 glowing orange brains
  58 deep trolls
  4 bog bodies
  17 deep elf archers
  23 ironbound convokers
  8 lindwurms
  5 wizards
  Pikel (D:6)
  A fenstrider witch simulacrum (Coc:2)
  4 harpies
  11 necromancers
  A stone giant zombie (Crypt:1)
  12 phantasmal warriors
  28 deep elf pyromancers
  An iron dragon zombie (Crypt:2)
  3 orc sorcerers
  24 wolf spiders
  31 deep elf zephyrmancers
  7 shining eyes
  13 orc knights
  A mana viper (shapeshifter) (Lair:5)
  A worldbinder (Abyss:3)
  15 fauns
  A frost giant zombie (Vaults:4)
  16 ugly things
  A manticore (shapeshifter) (Abyss:3)
  13 manticores
  Maurice (Orc:2)
  An apocalypse crab (Abyss:3)
  11 merfolk sirens
  5 moths of wrath
  A cyclops (shapeshifter) (D:13)
  7 cyclopes
  An iron dragon skeleton (Crypt:3)
  A stone giant skeleton (Vaults:1)
  A frost giant skeleton (Crypt:2)
  A shock serpent zombie (Crypt:1)
  3 guardian serpents
  3 black mambas (shapeshifter)
  A fire giant skeleton (Depths:1)
  5 ice statues
  2 guardian serpents (shapeshifter)
  7 rust devils
  16 vault sentinels
  4 black mambas
  20 smoke demons
  5 water nymphs
  5 molten gargoyles
  11 cane toads
  8 torpor snails
  6 elephants (Lair:5)
  A gargoyle (D:11)
  2 hellions
  An eye of devastation (Slime:3)
  Psyche (D:9)
  A sea snake zombie (Crypt:1)
  4 unseen horrors
  A titan simulacrum (Hell)
  A kobold demonologist (D:13)
  35 yaktaurs
  3 rime drakes
  2 dire elephant skeletons
  A purple draconian zombie (Crypt:2)
  3 ice devils
  2 spriggan zombies (Depths:1)
  10 freezing wraiths
  2 hellwings (Abyss:3)
  5 efreet
  5 komodo dragons
  2 anaconda simulacra
  23 tengu conjurers
  A guardian mummy (Crypt:3)
  3 ancient zymes
  An iron giant simulacrum (Hell)
  An alligator snapping turtle skeleton (Crypt:1)
  4 trolls
  16 demonic crawlers
  A catoblepas skeleton (Crypt:3)
  A red devil (Depths:1)
  28 merfolk
  18 wind drakes
  A golden dragon simulacrum (Coc:2)
  A meliai (shapeshifter) (D:12)
  6 meliai (Spider:4)
  12 raiju
  53 saltlings
  2 polar bears
  29 tarantellas
  A hornet (Depths:3)
  7 dream sheep (Shoals:2)
  2 harpy skeletons
  12 snapping turtles
  A blink frog (shapeshifter) (Lair:5)
  95 slime creatures
  23 blink frogs
  A black mamba zombie (Crypt:3)
  A centaur simulacrum (Crypt:2)
  27 jumping spiders
  23 starcursed masses (Abyss:3)
  An alligator skeleton (Crypt:1)
  A shadow (D:11)
  A spriggan (shapeshifter) (Vaults:5)
  2 spriggan skeletons
  11 flying skulls
  14 wraiths
  25 water elementals
  The ghost of highc0 the Gusty, an amateur TeAE (D:3)
  An ettin skeleton (Vaults:1)
  3 spriggans
  6 air elementals
  38 yaks
  4 ynoxinuls
  24 culicivoras
  A tyrant leech zombie (Crypt:2)
  2 vampires (D:14)
  4 wyverns (D:9)
  6 fire elementals (D:13)
  2 dire elephant simulacra
  A hog (shapeshifter) (Vaults:5)
  4 fire bats (Abyss:3)
  11 vampire mosquitoes
  2 steam dragons
  8 basilisks
  14 chaos spawn
  A human (shapeshifter) (Abyss:3)
  A human simulacrum (Vaults:1)
  3 death yak simulacra (IceCv)
  69 redbacks
  3 wargs (Orc:2)
  2 glowing shapeshifter zombies
  6 harpy simulacra
  An acid dragon (D:11)
  A hell hound (D:13)
  A water moccasin (shapeshifter) (D:15)
  14 water moccasins
  Duvessa (D:6)
  A deep troll skeleton (Crypt:1)
  A floating eye (Slime:4)
  47 orc warriors
  A black bear (D:5)
  A cane toad skeleton (Crypt:2)
  A demonspawn skeleton (Crypt:3)
  An ice dragon simulacrum (Coc:1)
  An ice beast (D:8)
  8 wolves
  A black mamba simulacrum (Coc:2)
  10 ogres
  An ettin simulacrum (Hell)
  4 boggarts (D:15)
  13 centaurs
  A tengu (Abyss:3)
  A hog skeleton (Crypt:1)
  A phantom (D:5)
  An elf zombie (Ossuary)
  6 kobold brigands
  A salamander zombie (Crypt:1)
  3 earth elementals
  2 gnoll sergeants
  9 bullfrogs
  7 necrophages
  An ogre simulacrum (Vaults:4)
  3 scorpions
  An elf skeleton (Crypt:2)
  4 cane toad simulacra (IceCv)
  8 two-headed ogre simulacra (IceCv)
  A yaktaur skeleton (Crypt:2)
  5 wights
  2 elephant simulacra (IceCv)
  Dowan (D:6)
  9 killer bees
  A raiju skeleton (Crypt:3)
  A troll skeleton (Crypt:2)
  5 electric eels
  5 howler monkeys
  7 crimson imps (D:9)
  4 centaur zombies
  2 quasits (Abyss:3)
  2 iron imps
  16 jellies
  4 human zombies
  3 iguanas (D:5)
  19 orc priests
  A gnoll bouda (D:9)
  25 small abominations
  Jessica (D:3)
  39 orc wizards
  7 hell rats (Lair:5)
  8 spriggan simulacra
  A wolf simulacrum (IceCv)
  2 polar bear simulacra (IceCv)
  6 troll simulacra (IceCv)
  An ogre zombie (Crypt:3)
  A tengu skeleton (Crypt:1)
  A hound zombie (Ossuary)
  15 mummies
  26 gnolls
  8 adders
  4 naga simulacra
  2 river rats (D:3)
  A steam dragon zombie (Crypt:1)
  4 shadow imps
  5 white imps
  12 ufetubi
  5 adder zombies (Ossuary)
  A lava snake zombie (Crypt:3)
  An adder skeleton (Crypt:3)
  A lava snake skeleton (Crypt:2)
  4 worms
  101 orcs
  2 bats
  23 endoplasms
  12 giant cockroaches
  2 gnoll zombies (Ossuary)
  8 hobgoblins
  27 kobolds
  9 quokkas
  3 training dummies (Shoals:1)
  15 ball pythons
  A ball python skeleton (Crypt:3)
  A dart slug zombie (Crypt:2)
  7 frilled lizards
  2 goblins (D:4)
  6 goblin zombies (Ossuary)
  5 hobgoblin zombies (Ossuary)
  A jackal zombie (Ossuary)
  3 kobold zombies (Ossuary)
  An orc zombie (Ossuary)
  3 quokka zombies (Ossuary)
  10 rats
  3 rat zombies (Ossuary)
  4 starspawn tentacles (Abyss:3)
2713 creatures vanquished.

Vanquished Creatures (others)
  A deep elf blademaster (Elf:3)
  A wendigo (Coc:1)
  A deep elf death mage (Crypt:3)
  A fire dragon (Depths:4)
  A peacekeeper (Desolation)
  3 deep elf knights (Elf:1)
  An iron troll (Depths:4)
  A deep elf pyromancer (D:13)
  A vault sentinel (Vaults:4)
  A shadow dragon simulacrum (Coc:1)
  A jumping spider (Spider:4)
  A stone giant simulacrum (Coc:1)
  2 centaur simulacra (Coc:1)
  A water elemental (Shoals:4)
  A chaos spawn (Abyss:3)
  A harpy simulacrum (Coc:2)
  A starcursed mass (Abyss:3)
  An orc wizard (D:6)
  A gnoll (Orc:1)
  A white imp (D:6)
  An ufetubus (IceCv)
  4 orcs
  19 fungi
  135 plants
  3 starspawn tentacles (Abyss:3)
  7 toadstools (D:4)
192 creatures vanquished.

Grand Total: 2905 creatures vanquished

Notes
Turn   | Place    | Note
-------+----------+-------------------------------------------
     0 | D:1      | Bnni the Formicid Fighter began the quest for the Orb.
     0 | D:1      | Reached XP level 1. HP: 18/18 MP: 1/1
    98 | D:1      | Reached XP level 2. HP: 24/24 MP: 2/2
   420 | D:2      | Reached XP level 3. HP: 28/29 MP: 3/3
   459 | D:2      | Identified the +7 spear of the People {holy, Int+8}
   491 | D:2      | Identified the amulet "Dian Loif" {-Cast Regen+ SInv
                  | Stlth+}
   910 | D:2      | Reached XP level 4. HP: 37/37 MP: 4/4
  1186 | D:3      | Reached XP level 5. HP: 42/42 MP: 5/5
  1222 | D:3      | Found a glowing drain.
  1230 | D:3      | Reached skill level 5 in Shields
  1243 | Sewer    | Entered a sewer
  1506 | Sewer    | Noticed a bullfrog
  1513 | Sewer    | Killed a bullfrog
  1513 | Sewer    | Noticed a bullfrog
  1514 | Sewer    | Reached XP level 6. HP: 48/49 MP: 6/6
  1522 | Sewer    | Reached skill level 5 in Axes
  1800 | D:3      | Reached skill level 5 in Fighting
  1803 | D:3      | Reached XP level 7. HP: 54/56 MP: 7/7
  1910 | D:3      | Noticed Jessica
  1917 | D:3      | Killed Jessica
  2086 | D:3      | You fall into a shaft and drop 1 floor!
  2161 | D:3      | Found a runed translucent gate.
  2161 | D:3      | Found a runed translucent gate.
  2161 | D:3      | Found a runed translucent gate.
  2164 | D:3      | Noticed highc0's ghost (amateur TeAE)
  2170 | D:3      | Identified the +3 scale mail "Deuqell" {rPois Str+4 Int-5}
  2174 | D:3      | Killed highc0's ghost
  3190 | D:4      | Reached XP level 8. HP: 54/64 MP: 8/8
  3404 | D:5      | Entered Level 5 of the Dungeon
  4220 | D:6      | Noticed Duvessa
  4221 | D:6      | Noticed Dowan
  4239 | D:6      | Killed Duvessa
  4243 | D:6      | Killed Dowan
  4277 | D:6      | Noticed Pikel
  4299 | D:6      | Reached XP level 9. HP: 72/72 MP: 9/9
  4308 | D:6      | Killed Pikel
  4319 | D:6      | Identified the +4 hand axe of Springtime {vamp, rElec rN+}
  4637 | D:6      | Found a sand-covered staircase.
  4645 | Ossuary  | Entered an ossuary
  4750 | Ossuary  | Reached skill level 10 in Axes
  5031 | D:6      | Found a shimmering altar of Xom.
  5125 | D:6      | Found an ancient bone altar of Kikubaaqudgha.
  5128 | D:6      | Found a snail-covered altar of Cheibriados.
  5522 | D:7      | Reached XP level 10. HP: 78/82 MP: 10/10
  5711 | D:7      | Found a staircase to the Ecumenical Temple.
  5720 | Temple   | Entered the Ecumenical Temple
  6915 | D:8      | Found a burning altar of Makhleb.
  6915 | D:8      | Found a bloodstained altar of Trog.
  6999 | D:9      | Reached skill level 10 in Fighting
  7028 | D:9      | Found a staircase to the Lair.
  7093 | D:9      | Reached XP level 11. HP: 80/91 MP: 11/11
  7531 | D:9      | Found a glowing silver altar of Zin.
  7532 | D:9      | Found a white marble altar of Elyvilon.
  7533 | D:9      | Found a glowing golden altar of the Shining One.
  7568 | D:9      | Noticed Psyche
  7577 | D:9      | Killed Psyche
  7813 | D:10     | Entered Level 10 of the Dungeon
  7903 | D:10     | Found a basalt altar of Yredelemnul.
  8187 | D:10     | Found a staircase to the Orcish Mines.
  8187 | D:10     | Noticed a two-headed ogre
  8197 | D:10     | Killed a two-headed ogre
  8230 | D:10     | Found a sacrificial altar of Ru.
  8230 | D:10     | Found an iron altar of Okawaru.
  8230 | D:10     | Found a shadowy altar of Dithmenos.
  8236 | D:10     | Became a worshipper of Warmaster Okawaru
  8566 | D:11     | Noticed a deep elf pyromancer
  8566 | D:11     | Noticed a fire crab
  8566 | D:11     | Noticed a boulder beetle
  8566 | D:11     | Noticed a storm dragon
  8566 | D:11     | Noticed an ogre mage
  8569 | D:11     | Found a runed translucent door.
  8569 | D:11     | Noticed a boulder beetle
  8569 | D:11     | Noticed a cyclops
  8577 | D:11     | a fire crab changed into a meliai
  8582 | D:11     | Noticed a harpy
  8582 | D:11     | Noticed a cyclops
  8600 | D:11     | Killed a cyclops
  9003 | D:11     | Reached skill level 1 in Invocations
  9089 | D:11     | Reached * piety under Okawaru
  9340 | D:11     | Noticed a wolf spider
  9416 | D:11     | Noticed a manticore
  9451 | D:11     | Killed a manticore
  9452 | D:11     | Reached skill level 2 in Invocations
  9461 | D:11     | Reached XP level 12. HP: 73/101 MP: 13/13
  9788 | D:11     | Noticed a spark wasp
  9788 | D:11     | Noticed a broodmother
  9793 | D:11     | a broodmother changed into a radroach
  9793 | D:11     | Noticed a radroach (shapeshifter)
  9836 | D:12     | Reached ** piety under Okawaru
  9840 | D:12     | Reached skill level 3 in Invocations
  9997 | D:12     | Noticed a two-headed ogre
 10009 | D:12     | Killed a two-headed ogre
 10010 | D:12     | Reached skill level 15 in Axes
 10070 | D:12     | Reached skill level 4 in Invocations
 10591 | D:12     | Reached *** piety under Okawaru
 10985 | D:13     | Noticed a two-headed ogre
 10995 | D:13     | Killed a two-headed ogre
 10996 | D:13     | Reached skill level 5 in Invocations
 11167 | D:13     | Noticed Azrael
 11208 | D:13     | Reached **** piety under Okawaru
 11209 | D:13     | Killed Azrael
 11530 | D:13     | Reached ***** piety under Okawaru
 11580 | D:13     | Reached skill level 6 in Invocations
 11705 | D:13     | Identified the +4 hand crossbow "Geunn" {drain, Contam
                  | rPois Dex+3} (Okawaru gifted it to you on level 13 of the
                  | Dungeon)
 11705 | D:13     | Received a gift from Okawaru
 11807 | D:13     | Noticed a centaur warrior
 11811 | D:13     | Reached XP level 13. HP: 91/109 MP: 17/17
 11828 | D:13     | Killed a centaur warrior
 12119 | D:13     | Noticed a five-headed hydra
 12130 | D:13     | Killed a one-headed hydra
 12131 | D:13     | Reached skill level 7 in Invocations
 12614 | D:13     | Noticed an ogre mage
 12635 | D:13     | Killed an ogre mage
 12855 | D:13     | Found a gate to the Vaults.
 13054 | D:14     | Reached skill level 8 in Invocations
 13054 | D:14     | Received a gift from Okawaru
 13054 | D:14     | Found the +10 zealot's sword {holy, *Rage rN+ EV+3}
 13395 | D:14     | Noticed a four-headed hydra
 13403 | D:14     | Killed a one-headed hydra
 14058 | D:15     | Entered Level 15 of the Dungeon
 14058 | D:15     | Noticed a fire dragon
 14072 | D:15     | Killed a fire dragon
 14339 | D:15     | Received a gift from Okawaru
 14351 | D:15     | Reached ****** piety under Okawaru
 14381 | D:15     | Reached XP level 14. HP: 92/119 MP: 20/20
 14520 | D:15     | Reached skill level 9 in Invocations
 14725 | D:15     | Found a staircase to the Depths.
 15599 | D:15     | Identified the +4 ring mail of the Foremost Portals {Drain
                  | Int+5}
 15902 | D:11     | Noticed a broodmother
 15926 | D:11     | Killed a storm dragon
 15926 | D:11     | Received a gift from Okawaru
 15927 | D:11     | Reached skill level 10 in Invocations
 15940 | D:11     | Killed a broodmother
 15964 | D:11     | Got the Codex of Blasting
 15970 | D:11     | Identified the amulet "Hieshreits" {Spirit -Tele rC+
                  | Regen+}
 16155 | Lair:1   | Entered Level 1 of the Lair of Beasts
 16544 | Lair:1   | Noticed Harold
 16554 | Lair:1   | Killed Harold
 16936 | Lair:2   | Reached XP level 15. HP: 107/127 MP: 16/22
 17209 | Lair:2   | Found a frozen archway.
 17226 | IceCv    | Entered an ice cave
 17331 | IceCv    | Identified the +1 chain mail of the Ego {rElec SInv}
 17686 | IceCv    | Reached skill level 15 in Fighting
 17686 | IceCv    | Reached skill level 11 in Invocations
 18578 | Lair:2   | Found a hole to the Spider Nest.
 19361 | Lair:3   | Found a staircase to the Shoals.
 19851 | Lair:4   | Received a gift from Okawaru
 19927 | Lair:4   | Found a staircase to the Slime Pits.
 19927 | Lair:4   | Found a viscous altar of Jiyva.
 20697 | Lair:4   | Reached skill level 10 in Shields
 21233 | Lair:5   | Entered Level 5 of the Lair of Beasts
 21658 | Lair:5   | Reached skill level 12 in Invocations
 21716 | Lair:5   | Reached XP level 16. HP: 81/137 MP: 8/25
 21817 | Lair:5   | Found the ring of the Tortoise {AC+8}
 21944 | Lair:5   | Identified the +1 ring mail of the Blue Skies {rPois Dex+3}
                  | (Okawaru gifted it to you on level 5 of the Lair of Beasts)
 21944 | Lair:5   | Received a gift from Okawaru
 22025 | Lair:5   | Found a corrupted altar of Lugonu.
 22025 | Lair:5   | Found a one-way gate to the infinite horrors of the Abyss.
 22191 | Lair:5   | Found a hide-covered altar of Uskayaw.
 22835 | Orc:1    | Entered Level 1 of the Orcish Mines
 23406 | Orc:2    | Entered Level 2 of the Orcish Mines
 23425 | Orc:2    | Noticed Maurice
 23435 | Orc:2    | Killed Maurice
 23452 | Orc:2    | Found a staircase to the Elven Halls.
 23466 | Orc:2    | Noticed Erolcha
 23475 | Abyss:2  | Cast into level 2 of the Abyss (Erolcha)
 23558 | Abyss:3  | Reached skill level 1 in Throwing
 23607 | Abyss:3  | Reached skill level 13 in Invocations
 23630 | Abyss:3  | Reached skill level 5 in Armour
 23679 | Abyss:3  | Noticed a tentacled starspawn
 23690 | Orc:2    | Escaped the Abyss
 23701 | Orc:2    | Killed Erolcha
 23864 | Orc:2    | Noticed Snorg
 23876 | Orc:2    | Killed Snorg
 24038 | Orc:2    | Noticed Rupert
 24055 | Orc:2    | Killed Rupert
 24247 | Orc:2    | Found Dyopleer's Jewellery Shoppe.
 24247 | Orc:2    | Found Dogi's Assorted Antiques.
 24249 | Orc:2    | Found Panuyxan's Armour Boutique.
 24251 | Orc:2    | Found Berutrem's Antique Armour Emporium.
 24256 | Orc:2    | Bought a glowing cloak for 300 gold pieces
 24274 | Orc:2    | Bought a pair of bloodstained gloves for 285 gold pieces
 24274 | Orc:2    | Identified the +1 pair of gloves "Bimuux" {*Slow rN+ MP+9}
                  | (You bought it in a shop on level 2 of the Orcish Mines)
 24651 | Elf:1    | Entered Level 1 of the Elven Halls
 24685 | Elf:1    | Identified the +8 scimitar "Ithros" {flame, MP+9 Dex-2 SInv
                  | Stlth+} (Okawaru gifted it to you on level 1 of the Elven
                  | Halls)
 24685 | Elf:1    | Received a gift from Okawaru
 24990 | Elf:1    | Reached XP level 17. HP: 117/143 MP: 25/26
 25100 | Elf:1    | Identified the +0 scale mail of Bad Feelings {rN+ Int+8
                  | Dex-5} (Okawaru gifted it to you on level 1 of the Elven
                  | Halls)
 25100 | Elf:1    | Received a gift from Okawaru
 25137 | Elf:1    | Reached skill level 5 in Throwing
 25147 | Elf:1    | Found a runed translucent gate.
 25147 | Elf:1    | Found a runed translucent gate.
 25147 | Elf:1    | Found a runed translucent gate.
 25147 | Elf:1    | Found a runed translucent gate.
 25147 | Elf:1    | Found a runed translucent gate.
 25148 | Elf:1    | Found a runed translucent gate.
 26463 | Elf:2    | Identified the +0 ring mail "Tunigaos" {Rampage rF+ rN+
                  | Stlth+} (Okawaru gifted it to you on level 2 of the Elven
                  | Halls)
 26463 | Elf:2    | Received a gift from Okawaru
 26547 | Abyss:3  | Cast into level 3 of the Abyss (+2 glaive of distortion)
 26654 | Abyss:3  | Found a corrupted altar of Lugonu.
 26670 | Abyss:3  | Found a corrupted altar of Lugonu.
 26670 | Abyss:3  | Found a corrupted altar of Lugonu.
 26697 | Abyss:3  | Noticed a bone dragon
 26723 | Abyss:3  | Killed a bone dragon
 26724 | Abyss:3  | Reached skill level 10 in Armour
 26738 | Abyss:3  | Noticed a tentacled starspawn
 26753 | Abyss:3  | Killed a tentacled starspawn
 26769 | Abyss:3  | Reached XP level 18. HP: 154/154 MP: 27/27
 26919 | Abyss:3  | Noticed a bone dragon
 26945 | Abyss:3  | Killed a bone dragon
 27005 | Elf:2    | Escaped the Abyss
 27014 | Arena    | Entered the Arena
 27311 | Elf:2    | Identified the +9 trident "Barphue" {pain, Will+}
 27368 | Elf:2    | Found a runed translucent gate.
 27368 | Elf:2    | Found a runed translucent gate.
 27368 | Elf:2    | Found a runed translucent gate.
 27417 | Elf:2    | Found Badghoklir's General Store.
 27749 | Abyss:3  | Cast into level 3 of the Abyss (+2 short sword of
                  | distortion)
 27860 | Abyss:3  | Identified the +0 pair of boots of Pocsi {rElec rPois Int+2
                  | Stlth-} (Okawaru gifted it to you on level 3 of the Abyss)
 27860 | Abyss:3  | Received a gift from Okawaru
 27904 | Abyss:3  | Noticed a bone dragon
 27932 | Abyss:3  | Killed a bone dragon
 28026 | Abyss:3  | Noticed a profane servitor
 28049 | Abyss:3  | Killed a profane servitor
 28204 | Abyss:3  | Noticed a lich
 28204 | Abyss:3  | Noticed a lich
 28216 | Abyss:3  | Killed a lich
 28251 | Abyss:3  | Noticed a lich
 28253 | Abyss:3  | Noticed a lich
 28282 | Abyss:3  | Killed a lich
 28283 | Abyss:3  | Noticed a lich
 28289 | Abyss:3  | Killed a lich
 28294 | Abyss:3  | Killed a lich
 28298 | Abyss:3  | Killed a lich
 28299 | Abyss:3  | Noticed a lich
 28306 | Abyss:3  | Killed a lich
 28316 | Abyss:3  | Reached skill level 10 in Throwing
 28341 | Abyss:3  | Noticed an Executioner
 28343 | Abyss:3  | Reached XP level 19. HP: 138/163 MP: 12/28
 28384 | Abyss:3  | Got an abyssal rune of Zot
 28436 | Elf:2    | Escaped the Abyss
 28672 | Elf:2    | Noticed a deep elf blademaster
 28699 | Elf:2    | Killed a deep elf blademaster
 28730 | Elf:2    | Identified the +1 robe of Akku {rF- rN++} (Okawaru gifted
                  | it to you on level 2 of the Elven Halls)
 28730 | Elf:2    | Received a gift from Okawaru
 29321 | Spider:1 | Entered Level 1 of the Spider Nest
 29371 | Spider:1 | Noticed Josephine
 29390 | Spider:1 | Killed Josephine
 30414 | Spider:2 | Found a transporter.
 30451 | Spider:2 | Noticed Pogint's ghost (adept OpAE)
 30451 | Spider:2 | Found a transporter.
 30462 | Spider:2 | Killed Pogint's ghost
 30483 | Spider:2 | Identified the ring "Moibuw" {MP+9 Str+4 Int+2 Dex+2}
 31523 | Spider:3 | Reached skill level 15 in Shields
 31679 | Spider:3 | Identified the +5 battleaxe of Okawaru's Regard {pain,
                  | Fragile rN+ Int+3} (Okawaru gifted it to you on level 3 of
                  | the Spider Nest)
 31679 | Spider:3 | Received a gift from Okawaru
 31756 | Spider:3 | Reached XP level 20. HP: 143/172 MP: 29/29
 35484 | Spider:4 | Entered Level 4 of the Spider Nest
 35538 | Spider:4 | Noticed Louise
 35740 | Spider:4 | Identified the +7 executioner's axe of Guoc {elec, rF+ rC-
                  | Will+ SInv} (Okawaru gifted it to you on level 4 of the
                  | Spider Nest)
 35740 | Spider:4 | Received a gift from Okawaru
 35874 | Spider:4 | Killed Louise
 36115 | Spider:4 | Noticed Arachne
 36119 | Spider:4 | Received a gift from Okawaru
 36146 | Spider:4 | Killed Arachne
 36327 | Spider:4 | Received a gift from Okawaru
 36502 | Spider:4 | Received a gift from Okawaru
 36678 | Spider:4 | Got a gossamer rune of Zot
 36985 | Shoals:1 | Entered Level 1 of the Shoals
 37090 | Shoals:1 | Found Okuzoj's Firing Range.
 37114 | Shoals:1 | Bought 4 silver javelins for 124 gold pieces
 37114 | Shoals:1 | Bought 4 javelins for 41 gold pieces
 37365 | Shoals:1 | Received a gift from Okawaru
 37441 | Shoals:1 | You fall into a shaft and drop 1 floor!
 37479 | Shoals:2 | Reached XP level 21. HP: 63/179 MP: 13/30
 37556 | Shoals:2 | Received a gift from Okawaru
 37895 | Shoals:2 | Received a gift from Okawaru
 37992 | Shoals:2 | Noticed Mlioglotl
 38006 | Shoals:2 | Killed Mlioglotl
 38006 | Shoals:2 | Received a gift from Okawaru
 38364 | Shoals:3 | Identified the +1 pair of gloves "Cixer" {Rampage Dex+5}
                  | (Okawaru gifted it to you on level 3 of the Shoals)
 38364 | Shoals:3 | Received a gift from Okawaru
 38703 | Shoals:3 | Reached skill level 15 in Armour
 38968 | Shoals:4 | Entered Level 4 of the Shoals
 39175 | Shoals:4 | Identified the +5 long sword of Focus {flame, Dex+6 SInv}
 39647 | Shoals:4 | Identified the +0 chain mail of Muttered Phrases {Int+4}
 39744 | Shoals:4 | Received a gift from Okawaru
 39784 | Shoals:4 | Identified a scroll of acquirement
 39893 | Shoals:4 | Identified the +1 robe of Ofeaw {rF+}
 40050 | Shoals:4 | Got the Vellum of the Destructive Chill
 40053 | Shoals:4 | Got a barnacled rune of Zot
 40397 | Vaults:1 | Entered Level 1 of the Vaults
 40428 | Vaults:1 | Received a gift from Okawaru
 40428 | Vaults:1 | Found the +15 Maxwell's patent armour {-Cast -Tele rElec
                  | Will+ rCorr}
 40518 | Arena    | Entered the Arena
 40597 | Vaults:1 | Reached skill level 15 in Throwing
 40602 | Vaults:1 | Reached XP level 22. HP: 170/190 MP: 31/31
 41020 | Vaults:1 | Identified the +7 morningstar "Xeara" {freeze, Str+9 Int+2
                  | Dex-5}
 41126 | Vaults:1 | Identified the +3 chain mail "Qiupp" {Dex+7}
 41127 | Vaults:1 | Acquired a manual of Invocations
 41534 | Vaults:1 | Found Zuepiy's Jewellery Emporium.
 41843 | Vaults:2 | Found a staircase to the Crypt.
 41843 | Vaults:2 | Found an ancient bone altar of Kikubaaqudgha.
 41843 | Vaults:2 | Found a basalt altar of Yredelemnul.
 42013 | Vaults:2 | You fall into a shaft and drop 1 floor!
 42277 | Vaults:3 | Identified the +2 scale mail "Ezeammu" {Str+2 SInv}
                  | (Okawaru gifted it to you on level 3 of the Vaults)
 42277 | Vaults:3 | Received a gift from Okawaru
 42811 | Vaults:3 | Identified the +9 short sword of Diet Blood {flame, +Blink}
 43160 | Vaults:2 | Noticed Donald
 43167 | Vaults:2 | Killed Donald
 43176 | Vaults:2 | Identified the +8 war axe of Qilif {speed, rN+ Will+}
 43192 | Vaults:2 | Noticed Bai Suzhen
 43217 | Vaults:2 | Killed Bai Suzhen
 43920 | Vaults:4 | Reached XP level 23. HP: 190/199 MP: 32/32
 43966 | Vaults:4 | Found a crumbling gateway.
 43979 | Desolati | Entered the Desolation of Salt
 44057 | Desolati | Identified the amulet of Ubash {Regen+ rCorr}
 44078 | Desolati | Received a gift from Okawaru
 44199 | Desolati | Identified the ring of Lyigh {Drain rElec Will+ SInv
                  | Stlth+}
 44201 | Desolati | Identified the ring "Winlorch" {Fly rCorr Int+4}
 44236 | Desolati | Identified the +0 robe of Agaownex {Rampage Will+ Int+3}
                  | (Okawaru gifted it to you in the Desolation of Salt)
 44236 | Desolati | Received a gift from Okawaru
 44496 | Desolati | Identified the +8 shortbow of the Forest {vorpal, rF- rCorr
                  | Int+3 Dex+2}
 44501 | Desolati | Got the Tractate on Outbursts
 45646 | Vaults:4 | Reached skill level 14 in Invocations
 45835 | Vaults:4 | Identified the +3 ring mail of Caemmis {Dex+5} (Okawaru
                  | gifted it to you on level 4 of the Vaults)
 45835 | Vaults:4 | Received a gift from Okawaru
 45905 | Vaults:4 | Reached XP level 24. HP: 176/210 MP: 33/33
 46506 | Vaults:1 | Reached skill level 15 in Invocations
 46635 | Depths:1 | Entered Level 1 of the Depths
 46637 | Depths:1 | Found Zaine's Mayhem Merchandise.
 46794 | Depths:1 | Found a one-way gateway to a ziggurat.
 46828 | Depths:1 | Found a magical portal.
 46866 | Depths:1 | Found a one-way gate leading to the halls of Pandemonium.
 46877 | Depths:1 | Reached skill level 16 in Invocations
 46924 | Depths:1 | Found a gateway to Hell.
 46962 | Depths:1 | Found a flickering gateway to a bazaar.
 46966 | Bazaar   | Entered a bazaar
 46966 | Bazaar   | Found Qoqot's General Store.
 46966 | Bazaar   | Found Kacw's Antique Weapon Shop.
 46966 | Bazaar   | Found Suidi's Antique Weapon Boutique.
 46979 | Bazaar   | Bought a pitted battleaxe for 172 gold pieces
 46979 | Bazaar   | Identified the +7 battleaxe of Hard Scrabble {spect, rPois}
                  | (You bought it in a shop in a bazaar)
 47030 | WizLab   | Entered Iskenderun's Mystic Tower
 47160 | WizLab   | Reached skill level 17 in Invocations
 47511 | WizLab   | Received a gift from Okawaru
 47514 | WizLab   | Got Iskenderun's Vellum of Hurting
 47514 | WizLab   | Got Iskenderun's Lessons on Conjuration
 47796 | Depths:1 | Found a broken altar of Ashenzari.
 47919 | Depths:1 | Identified the +10 longbow of Ifyng {vorpal, Drain rPois
                  | rC+ Will+}
 48063 | Depths:1 | Reached skill level 18 in Invocations
 48467 | Depths:1 | Received a gift from Okawaru
 48570 | Depths:2 | Identified the +10 hand axe of the Big Bang {drain, Contam
                  | rPois rN+++ SInv} (Okawaru gifted it to you on level 2 of
                  | the Depths)
 48570 | Depths:2 | Received a gift from Okawaru
 48573 | Depths:2 | Found a bloodstained altar of Trog.
 48731 | Depths:2 | Noticed a juggernaut
 48741 | Depths:2 | Killed a juggernaut
 48742 | Depths:2 | Reached skill level 19 in Invocations
 48766 | Depths:2 | Acquired the +10 tower shield of Ignorance {rN+ Int-4}
 48766 | Depths:2 | Found the +10 tower shield of Ignorance {rN+ Int-4}
 49163 | Depths:3 | Noticed a golden dragon
 49165 | Depths:3 | Reached XP level 25. HP: 137/219 MP: 26/36
 49202 | Depths:3 | Reached skill level 20 in Invocations
 49216 | Depths:3 | Received a gift from Okawaru
 49245 | Depths:3 | Identified the ring "Xagh" {*Corrode rPois rN+ Str+3 SInv}
 49459 | Depths:3 | Noticed a caustic shrike
 49460 | Depths:3 | Noticed a caustic shrike
 49475 | Depths:3 | Killed a caustic shrike
 49475 | Depths:3 | Killed a caustic shrike
 49477 | Depths:3 | Identified the +0 tower shield of the Gusle {Dex+5 Stlth+}
                  | (Okawaru gifted it to you on level 3 of the Depths)
 49477 | Depths:3 | Received a gift from Okawaru
 49598 | Depths:3 | Noticed a caustic shrike
 49608 | Depths:3 | Killed a caustic shrike
 49705 | Depths:3 | Noticed a juggernaut
 49714 | Depths:3 | Noticed a juggernaut
 49721 | Depths:3 | Killed a juggernaut
 49738 | Depths:3 | Killed a juggernaut
 49837 | Depths:3 | Identified the ring "Mepnutt" {Contam rC+ rCorr AC+4
                  | Stlth+}
 49841 | Depths:3 | Identified the +10 dagger "Izaom" {freeze, Dex+6}
 49872 | Depths:3 | Reached skill level 21 in Invocations
 49934 | Depths:3 | Noticed a juggernaut
 49941 | Depths:3 | Killed a juggernaut
 50155 | Depths:3 | Noticed a caustic shrike
 50156 | Depths:3 | Noticed a caustic shrike
 50158 | Depths:3 | Noticed a caustic shrike
 50160 | Depths:3 | Noticed a caustic shrike
 50165 | Depths:3 | Killed a caustic shrike
 50166 | Depths:3 | Reached skill level 1 in Dodging
 50170 | Depths:3 | Killed a caustic shrike
 50170 | Depths:3 | Identified the +4 executioner's axe "Nashropre" {protect,
                  | rF- Int+4 Stlth+} (Okawaru gifted it to you on level 3 of
                  | the Depths)
 50170 | Depths:3 | Received a gift from Okawaru
 50173 | Depths:3 | Noticed Margery
 50181 | Depths:3 | Killed a caustic shrike
 50185 | Depths:3 | Killed a caustic shrike
 50211 | Depths:3 | Killed Margery
 50637 | Depths:4 | Entered Level 4 of the Depths
 50637 | Depths:4 | Noticed a juggernaut
 50647 | Depths:4 | Killed a juggernaut
 50648 | Depths:4 | Reached XP level 26. HP: 195/229 MP: 37/37
 50688 | Depths:4 | Received a gift from Okawaru
 50741 | Depths:4 | Reached skill level 22 in Invocations
 50909 | Depths:4 | Found a gate to the Realm of Zot.
 50956 | Depths:4 | Found an opulent altar of Gozag.
 50975 | Depths:4 | Found Mucas's Book Boutique.
 50976 | Depths:4 | Found Pugatz's Jewellery Emporium.
 50977 | Depths:4 | Found Zuly's Book Boutique.
 50983 | Depths:4 | Bought a manual of Invocations for 1840 gold pieces
 51099 | Depths:4 | Found a snail-covered altar of Cheibriados.
 51467 | Crypt:1  | Entered Level 1 of the Crypt
 51674 | Crypt:1  | Noticed Jory
 51687 | Crypt:1  | Killed Jory
 51868 | Crypt:1  | Noticed Grunn
 51883 | Crypt:1  | Killed Grunn
 52006 | Crypt:1  | Noticed Boris
 52022 | Crypt:1  | Killed Boris
 52112 | Crypt:1  | Reached skill level 23 in Invocations
 52115 | Crypt:1  | Received a gift from Okawaru
 52647 | Crypt:2  | Received a gift from Okawaru
 52791 | Crypt:2  | Reached skill level 5 in Dodging
 53088 | Crypt:2  | Identified the +10 hand axe of Destiny {spect, Str+3
                  | Stlth+} (Okawaru gifted it to you on level 2 of the Crypt)
 53088 | Crypt:2  | Received a gift from Okawaru
 53388 | Crypt:3  | Entered Level 3 of the Crypt
 53564 | Crypt:3  | Reached XP level 27. HP: 194/235 MP: 38/38
 53571 | Crypt:3  | Reached skill level 24 in Invocations
 53733 | Crypt:3  | Found a runed translucent door.
 53733 | Crypt:3  | Noticed Nelo's ghost (veteran GrFi)
 53790 | Crypt:3  | Killed Nelo's ghost
 53910 | Crypt:3  | Found a staircase to the Tomb.
 54249 | Crypt:3  | Noticed an ancient lich
 54265 | Crypt:3  | Killed an ancient lich
 54271 | Crypt:3  | Noticed a dread lich
 54296 | Crypt:3  | Killed a dread lich
 54304 | Crypt:3  | Identified the +5 war axe "Giusob" {vamp, rF+ Str+4}
 54309 | Crypt:3  | Identified the amulet "Abel" {Acrobat rF+ Int+3}
 54315 | Crypt:3  | Identified the +9 whip of Georic {holy, rN+ rCorr Int+6
                  | SInv}
 54317 | Crypt:3  | Identified the ring "Xeap" {Fly rC++}
 54790 | Elf:3    | Entered Level 3 of the Elven Halls
 54937 | Elf:3    | Identified the +8 lajatang of Exquisite Death {vorpal, rN+
                  | Will+ Str-2 Stlth+} (Okawaru gifted it to you on level 3 of
                  | the Elven Halls)
 54937 | Elf:3    | Received a gift from Okawaru
 55055 | Elf:3    | Reached skill level 25 in Invocations
 55085 | Elf:3    | Identified the ring "Otys Mimyro" {EV+4 Str+5}
 55097 | Elf:3    | Identified the +8 great mace "Vularoon" {flame, rC+ rN+++
                  | Str-3 Dex+4}
 55097 | Elf:3    | Identified the +9 long sword "Killer Bee's Curse" {pain,
                  | *Rage rCorr MP+9}
 55183 | Elf:3    | Identified the +10 sling of Doom {flame, rN+ Int+2}
 55190 | Elf:3    | Identified the +2 spear of Kyepn {vorpal, Fragile rN+++
                  | Int-3 Dex+9}
 55531 | Elf:3    | Received a gift from Okawaru
 56547 | Slime:1  | Entered Level 1 of the Pits of Slime
 56589 | Slime:2  | Gained mutation: You are dopey. (Int -2) [a shining eye]
 56590 | Slime:2  | Received a gift from Okawaru
 56594 | Slime:2  | Gained mutation: Armour fits poorly on your strangely
                  | shaped body. [a shining eye]
 57626 | Slime:5  | Entered Level 5 of the Pits of Slime
 57631 | Slime:5  | Gained mutation: Your flesh is cold resistant. (rC+) [a
                  | shining eye]
 57632 | Slime:5  | Gained mutation: You are clumsy. (Dex -2) [a shining eye]
 57645 | Slime:5  | Reached skill level 26 in Invocations
 57835 | Slime:5  | Noticed the Royal Jelly
 57837 | Slime:5  | Received a gift from Okawaru
 57895 | Slime:5  | Killed the Royal Jelly
 57917 | Slime:5  | Gained mutation: You have hidden genetic defects. [a
                  | shining eye]
 57923 | Slime:5  | Gained mutation: You are frail. (-10% HP) [a shining eye]
 57924 | Slime:5  | Gained mutation: Your magical capacity is low. (-10% MP) [a
                  | shining eye]
 57939 | Slime:5  | Identified the amulet "Vopriac" {Acrobat -Cast Str-4 Dex+8}
 57951 | Slime:5  | Got a slimy rune of Zot
 57952 | Slime:5  | Identified the ring "Dofusm" {rCorr Slay+2 SInv}
 57984 | Slime:5  | Got Sats's Papyrus of Guile and Earth
 58680 | Vaults:4 | Lost mutation: You have hidden genetic defects. [potion of
                  | mutation]
 58680 | Vaults:4 | Lost mutation: Your flesh is cold resistant. (rC+) [potion
                  | of mutation]
 58680 | Vaults:4 | Gained mutation: You are vulnerable to heat. (rF-) [potion
                  | of mutation]
 58681 | Vaults:4 | Lost mutation: Your magical capacity is low. (-10% MP)
                  | [potion of mutation]
 58681 | Vaults:4 | Lost mutation: You are vulnerable to heat. (rF-) [potion of
                  | mutation]
 58681 | Vaults:4 | Lost mutation: You are clumsy. (Dex -2) [potion of
                  | mutation]
 58681 | Vaults:4 | Gained mutation: Your system is resistant to poisons.
                  | (rPois) [potion of mutation]
 58681 | Vaults:4 | Gained mutation: You expend magic power (3 MP) to
                  | strengthen your wands. [potion of mutation]
 58681 | Vaults:4 | Gained mutation: Your flesh is cold resistant. (rC+)
                  | [potion of mutation]
 58682 | Vaults:4 | Lost mutation: Armour fits poorly on your strangely shaped
                  | body. [potion of mutation]
 58682 | Vaults:4 | Lost mutation: You are frail. (-10% HP) [potion of
                  | mutation]
 58682 | Vaults:4 | Lost mutation: You expend magic power (3 MP) to strengthen
                  | your wands. [potion of mutation]
 58682 | Vaults:4 | Gained mutation: Your flesh is heat resistant. (rF+)
                  | [potion of mutation]
 58682 | Vaults:4 | Gained mutation: Your muscles are strong. (Str +4, Int/Dex
                  | -1) [potion of mutation]
 58682 | Vaults:4 | Gained mutation: You occasionally lose the ability to read
                  | scrolls when taking damage. [potion of mutation]
 58682 | Vaults:4 | Gained mutation: You are strong-willed. (Will+) [potion of
                  | mutation]
 58683 | Vaults:4 | Lost mutation: Your system is resistant to poisons. (rPois)
                  | [potion of mutation]
 58683 | Vaults:4 | Lost mutation: You are dopey. (Int -2) [potion of mutation]
 58683 | Vaults:4 | Lost mutation: Your flesh is cold resistant. (rC+) [potion
                  | of mutation]
 58683 | Vaults:4 | Gained mutation: You are partially covered in large bone
                  | plates. (SH +4) [potion of mutation]
 58683 | Vaults:4 | Gained mutation: You are agile. (Dex +4, Str/Int -1)
                  | [potion of mutation]
 58714 | Vaults:5 | Entered Level 5 of the Vaults
 58783 | Vaults:5 | Received a gift from Okawaru
 58861 | Vaults:5 | Received a gift from Okawaru
 58977 | Vaults:5 | Identified the amulet "Ufroziz" {Faith rPois MP+9}
 59079 | Vaults:5 | Noticed a dread lich
 59091 | Vaults:5 | Killed a dread lich
 59167 | Vaults:5 | Reached skill level 27 in Invocations
 59417 | Vaults:5 | Identified the ring "Peicwuz" {rN+ Int+5}
 59576 | Vaults:5 | Identified the +7 sling "Kaesch" {drain, rPois Str+3 Int-2
                  | SInv}
 59588 | Vaults:5 | Identified the +7 tower shield of a bazaar {Rampage rCorr
                  | Dex+2} (Okawaru gifted it to you on level 5 of the Vaults)
 59588 | Vaults:5 | Received a gift from Okawaru
 59643 | Vaults:5 | Got a silver rune of Zot
 59805 | Vaults:5 | Found Jonez's Weapon Shop.
 59811 | Vaults:5 | Identified the +6 hand axe of Resourcefulness {flame,
                  | Will++ rCorr}
 59816 | Vaults:5 | Bought 6 datura-tipped darts for 26 gold pieces
 60022 | Vaults:1 | Bought the ring of Zin's Condemnation {rN+ Str+6 Stlth+}
                  | for 750 gold pieces
 60153 | Depths:1 | Bought the +7 great mace "Firestarter" {inner flame, rF++}
                  | for 1495 gold pieces
 60153 | Depths:1 | Found the +7 great mace "Firestarter" {inner flame, rF++}
 60211 | Hell     | Entered the Vestibule of Hell
 60211 | Hell     | Noticed Geryon
 60264 | Hell     | Killed Geryon
 60807 | Hell     | Found a gateway to the Iron City of Dis.
 60876 | Hell     | Found a gateway to the freezing wastes of Cocytus.
 60950 | Hell     | Found a gateway to the ashen valley of Gehenna.
 61074 | Hell     | Found a gateway to the decaying netherworld of Tartarus.
 61340 | Coc:1    | Entered Level 1 of Cocytus
 61382 | Coc:1    | Reached skill level 10 in Dodging
 61488 | Coc:2    | Noticed a shard shrike
 61490 | Coc:2    | Noticed a shard shrike
 61493 | Arena    | Entered the Arena
 61531 | Coc:2    | HP: 8/189 [nargun (10)]
 61539 | Coc:2    | Received a gift from Okawaru
 61540 | Coc:2    | Killed a shard shrike
 61540 | Coc:2    | Killed a shard shrike
 61549 | Coc:2    | HP: 1/212 [nargun (14)]
 61549 | Coc:2    | Mangled by a nargun

Illustrated notes

Levels and vault maps discovered:
D:1:      lightli_molten_gateway, layout_basic
D:2:      minmay_diamond_boxcup, layout_basic
D:3:      layout_basic, biasface_ghost_orc_armoury, gup_sewer_entry_bubbles,
          uniq_jessica
D:4:      cheibrodos_fertilizer, layout_layer_cave
D:5:      layout_cave_pods
D:6:      layout_basic, minitemple, xom_teletrap_fun, enter_ossuary_1,
          nicolae_elevator_lobby_asterisk, uniq_pikel, uniq_duvessa
D:7:      layout_cave_pools, minmay_temple_entry_hall
D:8:      layout_basic, gammafunk_temple_overflow_elements
D:9:      layout_irregular_city, good_gods_temple_1, minmay_lair_entry_grove,
          minmay_misc_feat_x, minmay_nine_imps, uniq_psyche
D:10:     layout_basic, gammafunk_temple_overflow_forgotten,
          yredelemnul_altar_generic, orc_0_dummy
D:11:     layout_gridville, minmay_st_funbox, hangedman_stone_soup
D:12:     layout_grid_maze, gauntlet_entry_generic, chequers_avenue
D:13:     layout_roguey, hangedman_vaults_entry_quadrant_bands, uniq_azrael
D:14:     layout_roguey, drop_trap
D:15:     hangedman_depths_entry_civil_slaughter, layout_rooms,
          minmay_lindwurm_lava
Temple:   hellmonk_temple_flake
Lair:1:   layout_cellular_growth, uniq_harold
Lair:2:   layout_loops_ring, dummy_spider_entry, portal_ice_cave_entry_pillars_1
Lair:3:   layout_hall_layers, minmay_shoals_entry_hut
Lair:4:   layout_hall_layers, minmay_slime_entry_jelly_boxes
Lair:5:   hellmonk_lair_end_abyssal_woods, layout_misc_corridors, basic_altar
Shoals:1: layout_shoals, nicolae_shoals_lost_giant_amphitheater,
          nicolae_shop_firing_range
Shoals:2: nicolae_shoals_island_circles, layout_shoals,
          nicolae_shoals_shepherds, uniq_mlioglotl
Shoals:3: layout_shoals
Shoals:4: shoals_end_hellmonk_storm_palace [storm_palace_center_circular,
          storm_palace_corner_pillars, storm_palace_corner_reverse_hut,
          storm_palace_corner_pillars, storm_palace_corner_narrow]
Spider:1: layout_spider_delve, uniq_josephine
Spider:2: layout_spider_delve, gammafunk_ghost_berserking_beasts
Spider:3: layout_spider_delve
Spider:4: hellmonk_spider_rune_bug_friends, nicolae_arachne_temple, uniq_louise
Slime:1:  layout_caves
Slime:2:  layout_caves
Slime:3:  layout_caves
Slime:4:  layout_caves
Slime:5
Orc:1:    layout_diamond_mine, mines1_david
Orc:2:    st_orc_rangers, layout_caves, uniq_snorg, uniq_erolcha, uniq_rupert,
          uniq_maurice
Elf:1:    eino_elf_arrival_customs, layout_geoelf_diagonals, orc_legates
Elf:2:    elven_hall_of_blades_hangedman_original [mumra_blade_entry_bloodbath],
          layout_onion_city, serial_shops, nicolae_shop_stone
Elf:3:    minmay_elf_hall_curves, layout_onion_city, corexii_leaking_fountain
Vaults:1: vaults_standard_mumra_lines, nicolae_vaults_border_crossing,
          grunt_vaults_funnel, nicolae_vaults_network_quincunx
          [nicolae_vaults_network_quincunx_subvault,
          nicolae_vaults_network_quincunx_subvault,
          nicolae_vaults_network_quincunx_subvault,
          nicolae_vaults_network_quincunx_subvault,
          nicolae_vaults_network_quincunx_subvault], vaults_dpeg_doors,
          vaults_room_corners, hangedman_vaults_restitches,
          layout_vaults_omnigrid, serial_shops, nicolae_shop_crystal
Vaults:2: ontoclasm_vaults_ring_square, minmay_crypt_entry_necro_gods,
          v_rooms_5, hangedman_vaults_locks, ontoclasm_vaults_hangar,
          ontoclasm_vaults_twist, v_misc_18, v_misc_16, vaults_room_fours,
          grunt_vaults_focal, v_misc_28, v_pattern_1, ontoclasm_vaults_gateway,
          vaults_room_door_ring, layout_vaults_ring, uniq_donald,
          uniq_bai_suzhen
Vaults:3: vaults_mumra_lcd, v_misc_15, ontoclasm_vaults_claustrophobia,
          nicolae_vaults_asterisk, vaults_dpeg_ring, nicolae_vaults_triangles,
          v_alt_pattern_3, grunt_vaults_hallway_long, v_misc_10,
          nicolae_vaults_quadrants, layout_vaults_maze_bifur
Vaults:4: portal_desolation_entry_nicolae_nacl, dpeg_vaults_monster_box,
          v_misc_10, v_misc_1, v_rooms_3, nicolae_vaults_branching_niches,
          v_misc_14, ontoclasm_vaults_idyll, vaults_room_fancy_cross,
          ontoclasm_vaults_tryst, vaults_room_hallway, vaults_mumra_hex,
          ontoclasm_vaults_ring_square, v_misc_10, vaults_room_large_hall,
          layout_vaults_big_cross
Vaults:5
Crypt:1:  layout_regular_city, roderic_lattice_octagonal_star,
          grunt_crypt_arrival_split, grunt_megastairs_2, uniq_boris, uniq_jory,
          uniq_grunn
Crypt:2:  layout_catacombs
Crypt:3:  david_glass_crypt, layout_misc_corridors,
          nicolae_tomb_entry_unfolded_pyramid_diagonal,
          ebering_ghost_reflecting_pool
Depths:1: layout_gridlike, enter_ziggurat_a, nrook_mini_vaults, abyss_entry,
          grunt_pan_entry_in_and_out, infiniplex_enter_wizlab_water, hell_entry,
          serial_shops, bzr_entry_safe, small_chamber_with_monster,
          nicolae_concentric_dashed_squares_mild, minmay_shop_mayhem,
          serial_sigils_hangedman_clutch, hangedman_abyss_or_decor_stagger,
          nicolae_ashenzari_skybound
Depths:2: kennysheep_big_flooded_room, layout_cave_pools, pan_entry,
          minmay_staircase_statues, hell_entry, evilmike_spriggan_trog_shrine
Depths:3: lemuel_castle_with_subvaults [lemuel_castle_interior_carwin_3],
          layout_long_grid, minmay_room_of_horrors, hangedman_geh_valley,
          kennysheep_path_1, minmay_checkered_concentric_circles, firewood_loft,
          uniq_margery
Depths:4: grunt_crosshair, layout_cave_pools, hell_entry,
          nicolae_gozag_cash_rules_everything_around_me, slow_altar_2,
          minmay_shop_grove, uniq_josephina
Hell
Coc:1:    layout_cocytus_water_paths, nicolae_coc_statues_of_limitations
Coc:2:    layout_ice_bergs

Skill      XL: |  1  2  3  4  5  6  7  8  9 10 11 12 13 14 15 16 17 18 19 20 21 22 23 24 25 26 27 |
---------------+----------------------------------------------------------------------------------+-----
Axes           | 3 4 5 6 8 10 12 14 16 17 18 19 20 21 22 24 | 24.0
Fighting       | 4 5 7 8 10 11 12 13 14 15 16 17 18 19 20 21 22 23 25 | 25.3
Shields        | 5 8 10 11 12 13 15 17 18 20 | 20.0
Invocations    | 2 6 8 10 12 13 14 19 21 23 27 | 27.0
Armour         | 7 10 12 13 14 15 16 17 18 20 | 20.0
Throwing       | 4 7 10 12 14 15 16 17 | 17.6
Dodging        | 2 5 10 | 10.2

Action                   |  1- 3 |  4- 6 |  7- 9 | 10-12 | 13-15 | 16-18 | 19-21 | 22-24 | 25-27 || total
-------------------------+-------+-------+-------+-------+-------+-------+-------+-------+-------++-------
Melee: War axe           |    19 |       |       |       |       |       |       |       |       ||    19
       Battleaxe         |    11 |       |       |     4 |   750 |  1661 |   676 |       |       ||  3102
       Spear             |    24 |   198 |   330 |    14 |     4 |       |       |       |       ||   570
       Hand axe          |       |       |    66 |   718 |   266 |       |       |       |       ||  1050
       Scimitar          |       |       |       |       |    68 |     4 |       |       |       ||    72
       Executioner's axe |       |       |       |       |       |       |   816 |  1296 |  1847 ||  3959
       Great mace        |       |       |       |       |       |       |       |       |    65 ||    65
 Fire: Triple crossbow   |       |       |       |       |     2 |       |       |       |       ||     2
Throw: Throwing net      |       |       |       |     1 |     1 |     2 |       |     1 |     2 ||     7
       Boomerang         |       |       |       |       |    16 |     3 |   180 |   107 |    26 ||   332
       Dart              |       |       |       |       |     3 |       |       |       |       ||     3
       Javelin           |       |       |       |       |       |     1 |     3 |     6 |     3 ||    13
Invok: Heroism           |       |       |       |     3 |     9 |    15 |    10 |       |    10 ||    47
       Finesse           |       |       |       |       |     3 |     6 |     3 |     1 |     7 ||    20
       Duel              |       |       |       |       |       |     1 |     1 |       |     1 ||     3
 Abil: Dig               |       |       |       |       |       |     2 |       |     3 |     4 ||     9
  Use: Scroll            |       |     2 |    10 |     6 |    10 |     1 |     2 |     4 |    15 ||    50
       Potion            |       |       |       |     5 |     4 |     6 |     2 |       |     5 ||    22
 Stab: Sleeping          |     1 |       |       |       |     2 |       |       |       |       ||     3
       Held in net/web   |       |       |       |     4 |       |     1 |     1 |       |       ||     6
       Invisible         |       |       |       |     1 |       |     4 |     4 |       |       ||     9
       Paralysed         |       |       |       |       |       |       |     1 |       |     1 ||     2
       Distracted        |       |       |       |       |       |       |       |     6 |       ||     6
Armor: Scale mail        |    19 |    84 |   144 |   391 |   211 |       |       |       |       ||   849
       Ring mail         |       |       |       |       |   285 |       |       |       |       ||   285
       Crystal plate arm |       |       |       |       |   253 |  1033 |  1813 |       |       ||  3099
       Plate armour      |       |       |       |       |       |       |    18 |   755 |   549 ||  1322
Dodge: Dodged            |    11 |    75 |    93 |   262 |   343 |   197 |   570 |   430 |   396 ||  2377
Block: Buckler           |     5 |    46 |    74 |   164 |    71 |       |       |       |       ||   360
       Kite shield       |       |       |       |       |   389 |   737 |  1178 |   648 |       ||  2952
       Tower shield      |       |       |       |       |       |       |       |    76 |  2101 ||  2177

Table legend: (Time is in decaauts)
 A = Elapsed time spent in this place.
 B = Non-inter-level travel time spent in this place.
 C = Inter-level travel time spent in this place.
 D = Time resting spent in this place.
 E = Time spent auto-exploring this place.
 F = Levels seen in this place.
 G = Mean time per level.
                   A        B        C        D        E       F      G
               +--------+--------+--------+--------+--------+-----+--------+
         Total |  59851 |  54555 |   5296 |   6479 |  33246 |  67 |  893.3 |
       Dungeon |  16191 |  14489 |   1702 |   1426 |  10338 |  15 | 1079.4 |
        Temple |    149 |    140 |      9 |      0 |    129 |   1 |  149.0 |
          Lair |   5520 |   4845 |    675 |     37 |   3761 |   5 | 1104.0 |
        Shoals |   3362 |   3100 |    262 |     55 |   1986 |   4 |  840.5 |
   Spider Nest |   7437 |   7161 |    276 |   3607 |   2339 |   4 | 1859.2 |
    Slime Pits |   1757 |   1641 |    116 |    151 |    999 |   5 |  351.4 |
  Orcish Mines |   1652 |   1444 |    208 |      0 |   1085 |   2 |  826.0 |
   Elven Halls |   4318 |   3993 |    325 |    377 |   2313 |   3 | 1439.3 |
        Vaults |   7188 |   6038 |   1150 |      0 |   4372 |   5 | 1437.6 |
         Crypt |   2929 |   2711 |    218 |      8 |   1927 |   3 |  976.3 |
        Depths |   4047 |   3760 |    287 |    396 |   2120 |   4 | 1011.8 |
          Hell |    810 |    745 |     65 |      0 |    617 |   1 |  810.0 |
       Cocytus |    162 |    162 |      0 |     16 |      0 |   2 |   81.0 |
         Abyss |   1158 |   1158 |      0 |     86 |      0 |   4 |  289.5 |
        Bazaar |     15 |     15 |      0 |      0 |      0 |   1 |   15.0 |
         Sewer |    377 |    377 |      0 |      0 |    122 |   1 |  377.0 |
       Ossuary |    256 |    256 |      0 |      0 |    124 |   1 |  256.0 |
      Ice Cave |   1098 |   1098 |      0 |    154 |    625 |   1 | 1098.0 |
        Wizlab |    654 |    654 |      0 |     36 |    263 |   1 |  654.0 |
    Desolation |    689 |    689 |      0 |    100 |    102 |   1 |  689.0 |
         Arena |     73 |     73 |      0 |     29 |     22 |   3 |   24.3 |
               +--------+--------+--------+--------+--------+-----+--------+

Top non-repeatable levels by time:
Spider:3: 4366 daAuts
    D:13: 1835 daAuts
Vaults:4: 1814 daAuts
   Elf:1: 1728 daAuts
    D:12: 1596 daAuts
Vaults:1: 1588 daAuts
    D:11: 1585 daAuts
    D:14: 1531 daAuts
   Elf:2: 1512 daAuts
    D:15: 1441 daAuts
Depths:3: 1429 daAuts
  Lair:5: 1412 daAuts
Depths:1: 1402 daAuts
Vaults:2: 1362 daAuts
Vaults:3: 1309 daAuts
